 Dungeon Sprint DCSS version 0.28-a0-667-g162e43154e (webtiles) character file.

Game seed: 15701796140645082736

16472 Conn the Scorcher (level 12, -13/74 HPs)
             Began as an Octopode Fire Elementalist on Oct 17, 2021.
             Was a High Priest of Sif Muna.
             Mangled by the 27-headed Lernaean hydra (17 damage)
             ... in the Dungeon (Sprint I: "Red Sonja").
             The game lasted 00:45:13 (4830 turns).

Conn the Scorcher (Octopode Fire Elementalist)      Turns: 4830, Time: 00:45:15

Health: -13/74     AC:  1    Str:  5    XL:     12   Next: 37%
Magic:  19/33      EV: 15    Int: 23    God:    Sif Muna [*****.]
Gold:   411        SH:  0    Dex: 10    Spells: 2/45 levels left

rFire   + . .      SeeInvis .   n - +6 trident "Usatiros" {flame, rElec rCorr}
rCold   + . .      Faith    .   (no shield)
rNeg    . . .      Spirit   .   (helmet restricted)
rPois   .          Reflect  .   (no amulet)
rElec   +          Harm     .   o - ring of fire
rCorr   +          Rampage  .   q - ring of wizardry
Will    +....      NoTele   +   p - ring "Kafin" {Drain rElec rC++ Will+ Stlth+}
Stlth   +++++.....              (no ring)
HPRegen 0.22/turn               (no ring)
MPRegen 0.23/turn               (no ring)
                                (no ring)
                                (no ring)

@: no status effects
A: almost no armour, amphibious, 8 rings, camouflage 1, gelatinous body 1,
(nimble swimmer 1), tentacles, clumsy 1, weak 1
a: Renounce Religion, Channel Magic, Forget Spell, Divine Exegesis


You were in the Dungeon.
You worshipped Sif Muna.
Sif Muna was extremely pleased with you.
You visited 1 branch You collected 2357 gold pieces.
You spent 1946 gold pieces at shops.

Inventory:

Hand Weapons
 g - a +3 short sword of distortion
 n - the +6 trident "Usatiros" (weapon) {flame, rElec rCorr}
   (You found it in the Dungeon)

   It burns those it strikes, dealing additional fire damage.
   rElec:     It insulates you from electricity.
   rCorr:     It protects you from acid and corrosion.
Missiles
 h - 5 curare-tipped darts
Jewellery
 o - a ring of fire (left tentacle)
 p - the ring "Kafin" (on tentacle) {Drain rElec rC++ Will+ Stlth+}
   (You bought it in a shop in the Dungeon)

   [ring of willpower]

   rC:        It greatly protects you from cold.
   rElec:     It insulates you from electricity.
   Drain:     It drains your maximum health when unequipped.
   Will:      It increases your willpower.
   Stlth:     It makes you more stealthy.
 q - a ring of wizardry (right tentacle)
Wands
 e - a wand of digging (5)
 m - a wand of iceblast (6)
Potions
 a - a potion of cancellation
 b - a potion of brilliance
 c - a potion of degeneration {unknown}
 d - 2 potions of magic
 i - 4 potions of curing
 l - a potion of mutation {unknown}


   Skills:
 + Level 3.7 Fighting
 + Level 5.3 Polearms
 + Level 7.2 Dodging
 + Level 7.4 Stealth
 + Level 17.1 Spellcasting
 * Level 9.0 Conjurations
 - Level 3.1 Hexes
 + Level 7.9 Summonings
 * Level 17.6 Fire Magic
 + Level 1.5 Air Magic
 + Level 1.5 Poison Magic
 - Level 9.1 Invocations
 + Level 0.5 Evocations


You had 2 spell levels left.
You knew the following spells:

 Your Spells              Type           Power      Damage    Failure   Level
a - Foxfire               Conj/Fire      100%       2x1d9     0%          1
b - Conjure Flame         Conj/Fire      89%        6-21      1%          3
c - Inner Flame           Hex/Fire       79%        N/A       1%          3
d - Flame Wave            Conj/Fire      89%        3d15      1%          4
e - Summon Guardian Gole  Hex/Summ       45%        N/A       1%          3
f - Scorch                Fire           100%       2d10      0%          2
g - Sticky Flame          Conj/Fire      89%        2d10      1%          4
h - Call Canine Familiar  Summ           54%        N/A       1%          3
i - Mephitic Cloud        Conj/Pois/Air  38%        N/A       1%          3
j - Ignition              Fire           50%        3d14      5%          8
k - Fireball              Conj/Fire      44%        3d18      1%          5
l - Olgreb's Toxic Radia  Pois           26%        N/A       6%          4

Your spell library contained the following spells:

 Spells                   Type           Power      Damage    Failure   Level
 Magic Dart               Conj           100%       1d8       1%          1
 Sting                    Tmut/Pois      92%        1d7       1%          1
 Summon Small Mammal      Summ           100%       N/A       1%          1
 Call Imp                 Summ           54%        N/A       1%          2
 Ensorcelled Hibernation  Hex/Ice        54%        N/A       1%          2
 Poisonous Vapours        Pois/Air       52%        N/A       1%          2
 Ignite Poison            Fire/Tmut/Pois 65%        N/A       1%          3
 Tukima's Dance           Hex            34%        N/A       1%          3
 Iskenderun's Mystic Bla  Conj/Tloc      40%        2d9       1%          4
 Summon Ice Beast         Ice/Summ       38%        N/A       2%          4
 Teleport Other           Tloc           19%        N/A       3%          3
 Lightning Bolt           Conj/Air       22%        1d37      3%          5
 Summon Mana Viper        Hex/Summ       45%        N/A       3%          5
 Summon Forest            Summ/Tloc      19%        N/A       6%          5
 Summon Cactus Giant      Summ           27%        N/A       6%          6
 Freezing Cloud           Conj/Ice/Air   17%        6-21      8%          5
 Passage of Golubria      Tloc           N/A        N/A       11%         4
 Yara's Violent Unravell  Hex/Tmut       13%        3d7       16%         5
 Summon Hydra             Summ           27%        N/A       32%         7
 Eringya's Noxious Bog    Tmut/Pois      11%        N/A       73%         6
 Malign Gateway           Summ/Tloc      19%        N/A       85%         7
 Summon Horrible Things   Summ           27%        N/A       93%         8
 Fire Storm               Conj/Fire      44%        8d11      98%         9
 Maxwell's Capacitive Co  Air            13%        ∞         100%        8


Dungeon Overview and Level Annotations

Branches:
Dungeon (1/1)

Altars:
Cheibriados
Dithmenos
Elyvilon
Fedhas
Gozag
Hepliaklqana
Kikubaaqudgha
Makhleb
Nemelex Xobeh
Okawaru
Qazlal
Ru
Sif Muna
Trog
Uskayaw
Vehumet
Wu Jian
Xom
Yredelemnul
Zin
The Shining One
Jiyva
Lugonu

Shops:
D **[?**([=*?*[=(?=(*[[

Annotations:
D Lernaean hydra


Innate Abilities, Weirdness & Mutations

You cannot wear most types of armour.
You are amphibious.
You can wear up to eight rings at the same time.
Your skin changes colour to match your surroundings (Stealth+).
Your rubbery body absorbs attacks. (AC +1, EV +1)
((You are camouflaged near water. (Stealth+)))
You have tentacles for arms and can constrict up to eight enemies at once.
You are clumsy. (Dex -2)
You are weak. (Str -2)


Message History

Confirm with . or Enter, or press ? or * to list all spells.
Okay, then.
Unknown command.
You aren't carrying any scrolls.
Unknown command.
Okay, then.
Okay, then.
Unknown command.
You see here a +0 mace.
Okay, then.
Unknown command.
Casting: Summon Guardian Golem (safe; 1% risk of failure)
Confirm with . or Enter, or press ? or * to list all spells.
Okay, then.
Unknown command.
Unknown command.
Casting: Summon Guardian Golem (safe; 1% risk of failure)
Confirm with . or Enter, or press ? or * to list all spells.
Okay, then.
Really blast near your guardian golem?
You erupt in a blast of force!
The mystic blast hits your guardian golem!
Your guardian golem is moderately damaged.
Your guardian golem is knocked back by the mystic blast.
The mystic blast hits the 27-headed Lernaean hydra!
The 27-headed Lernaean hydra is lightly wounded.
Your guardian golem disappears in a puff of smoke!
The 27-headed Lernaean hydra bites you! The 27-headed Lernaean hydra bites you.
The 27-headed Lernaean hydra bites you!
The 27-headed Lernaean hydra misses you.
The 27-headed Lernaean hydra barely misses you.
The 27-headed Lernaean hydra bites you.
The 27-headed Lernaean hydra bites you!!
* * * LOW HITPOINT WARNING * * *
The 27-headed Lernaean hydra bites you!
* * * LOW HITPOINT WARNING * * *
The 27-headed Lernaean hydra bites you.
* * * LOW HITPOINT WARNING * * *
The 27-headed Lernaean hydra bites you!
You die...

###################
#..§.§§§§...§..#..+
#.####§§.§§##..§..#
#.# ##§§§#######'#
§§# ###+# #@.# ###
#D.## #..≈###
#..≈).# #§)≈.##
#).≈## ###..≈#
#.≈..## #.≈..#


You could see the 27-headed Lernaean hydra.

Vanquished Creatures
  A deep elf annihilator (D)
  A mummy priest (D)
  A hydra (D)
  2 centaur warriors (D)
  Sonja (D)
  A deep troll (D)
  A lindwurm (D)
  3 shining eyes (D)
  2 oklob plants (D)
  2 merfolk sirens (D)
  2 kobold demonologists (D)
  2 unseen horrors (D)
  A hellwing (D)
  2 demonic crawlers (D)
  3 hornets (D)
  A slime creature (D)
  A redback (D)
  Sigmund (D)
  A yak (D)
  11 hogs (D)
  5 floating eyes (D)
  7 necrophages (D)
  An ogre (D)
  8 jellies (D)
  Ijyb (D)
  A ballistomycete spore (D)
63 creatures vanquished.

Vanquished Creatures (collateral kills)
  5 shining eyes (D)
  A demonic crawler (D)
  2 floating eyes (D)
8 creatures vanquished.

Vanquished Creatures (others)
  A gargoyle (D)
  A demonic crawler (D)
  2 hornets (D)
  A redback (D)
  2 hogs (D)
  A ballistomycete spore (D)
  95 foxfires (D)
103 creatures vanquished.

Grand Total: 174 creatures vanquished

Notes
Turn   | Place    | Note
-------+----------+-------------------------------------------
     0 | D        | Conn the Octopode Fire Elementalist began the quest for the
                  | Orb.
     0 | D        | Reached XP level 1. HP: 11/11 MP: 3/3
     1 | D        | Noticed Ijyb
    10 | D        | Killed Ijyb
    11 | D        | Reached skill level 5 in Fire Magic
    11 | D        | Reached XP level 2. HP: 6/17 MP: 0/6
    11 | D        | Reached XP level 3. HP: 8/21 MP: 0/7
   223 | D        | Noticed an ogre
   237 | D        | Killed an ogre
   238 | D        | Reached XP level 4. HP: 27/27 MP: 2/10
   259 | D        | Learned a level 3 spell: Conjure Flame
   263 | D        | Learned a level 3 spell: Inner Flame
   263 | D        | Noticed Sigmund
   268 | D        | Learned a level 2 spell: Scorch
   408 | D        | Killed Sigmund
   409 | D        | Reached skill level 5 in Stealth
   409 | D        | Reached skill level 5 in Spellcasting
   409 | D        | Reached XP level 5. HP: 15/32 MP: 3/13
   409 | D        | Reached XP level 6. HP: 17/37 MP: 3/14
   570 | D        | Found a shimmering blue altar of Sif Muna.
   571 | D        | Found an ornate altar of the Wu Jian Council.
   572 | D        | Found a radiant altar of Vehumet.
   588 | D        | Became a worshipper of Sif Muna the Loreminder
   617 | D        | Learned a level 4 spell: Flame Wave
   617 | D        | Found a burning altar of Makhleb.
   617 | D        | Found a viscous altar of Jiyva.
   617 | D        | Found a shimmering altar of Xom.
   617 | D        | Found a corrupted altar of Lugonu.
   617 | D        | Noticed a slime creature
   628 | D        | Killed a slime creature
   629 | D        | Reached skill level 5 in Dodging
   629 | D        | Reached skill level 1 in Hexes
   629 | D        | Reached skill level 10 in Fire Magic
   629 | D        | Reached XP level 7. HP: 33/42 MP: 5/17
   723 | D        | Noticed a kobold demonologist
   724 | D        | Noticed a kobold demonologist
   726 | D        | Noticed a hellwing
   727 | D        | Killed a kobold demonologist
   727 | D        | Reached * piety under Sif Muna
   728 | D        | Reached skill level 1 in Fighting
   728 | D        | Reached XP level 8. HP: 48/48 MP: 10/20
   740 | D        | Killed a kobold demonologist
   741 | D        | Reached skill level 5 in Conjurations
   945 | D        | Found Bani's Magic Scroll Emporium.
   945 | D        | Found an ancient bone altar of Kikubaaqudgha.
   945 | D        | Found a hazy altar of Hepliaklqana.
   945 | D        | Found a stormy altar of Qazlal.
   945 | D        | Found a hide-covered altar of Uskayaw.
   945 | D        | Found a blossoming altar of Fedhas.
   945 | D        | Found a bloodstained altar of Trog.
   945 | D        | Found an iron altar of Okawaru.
   945 | D        | Found a basalt altar of Yredelemnul.
   945 | D        | Found a glowing golden altar of the Shining One.
   945 | D        | Found a snail-covered altar of Cheibriados.
   945 | D        | Found a sacrificial altar of Ru.
   945 | D        | Found a glowing silver altar of Zin.
   945 | D        | Found a shadowy altar of Dithmenos.
   945 | D        | Found a white marble altar of Elyvilon.
   945 | D        | Noticed a yak
   948 | D        | Killed a yak
   949 | D        | Found an opulent altar of Gozag.
   950 | D        | Found a sparkling altar of Nemelex Xobeh.
   989 | D        | Noticed Sonja
   994 | D        | Killed Sonja
   994 | D        | Reached ** piety under Sif Muna
   995 | D        | Reached skill level 10 in Spellcasting
   995 | D        | Reached XP level 9. HP: 53/53 MP: 11/23
  1099 | D        | Found Selaz's Assorted Antiques.
  1120 | D        | Noticed a deep troll
  1128 | D        | Killed a deep troll
  1129 | D        | Reached skill level 5 in Invocations
  1347 | D        | Found Judeoll's Armour Emporium.
  1368 | D        | Learned a level 3 spell: Summon Guardian Golem
  1372 | D        | Noticed a centaur warrior
  1375 | D        | Noticed a centaur warrior
  1398 | D        | Killed a centaur warrior
  1399 | D        | Killed a centaur warrior
  1400 | D        | Reached XP level 10. HP: 27/59 MP: 11/25
  1585 | D        | Reached *** piety under Sif Muna
  1787 | D        | Noticed an oklob plant
  1806 | D        | Killed an oklob plant
  1807 | D        | Reached skill level 1 in Summonings
  2013 | D        | Killed an unseen horror
  2013 | D        | Reached **** piety under Sif Muna
  2015 | D        | Killed an unseen horror
  2015 | D        | Reached ***** piety under Sif Muna
  2015 | D        | Received a gift from Sif Muna
  2016 | D        | Reached skill level 15 in Fire Magic
  2020 | D        | Received a gift from Sif Muna
  2030 | D        | Got Asmodeus's Guide on Ignition {god gift}
  2041 | D        | Identified the +6 trident "Usatiros" {flame, rElec rCorr}
  2189 | D        | Found Naxkausy's Antique Weapon Boutique.
  2189 | D        | Found Vokugoph's Armour Emporium.
  2189 | D        | Found Lecam's Assorted Antiques.
  2191 | D        | Found Voxkom's Jewellery Boutique.
  2191 | D        | Found Hisuzink's Magic Scroll Shoppe.
  2191 | D        | Found Ekaxt's Antique Weapon Shop.
  2191 | D        | Found Axtaz's Jewellery Emporium.
  2191 | D        | Found Feceett's Armour Boutique.
  2191 | D        | Found Waysse's General Store.
  2191 | D        | Found Gaken's Magic Scroll Shop.
  2195 | D        | Found Ramap's General Store.
  2196 | D        | Found Valu's Jewellery Boutique.
  2196 | D        | Found Faematu's Armour Shoppe.
  2197 | D        | Found Pamnoah's Weapon Shop.
  2220 | D        | Bought a ring of fire for 350 gold pieces
  2232 | D        | Bought a scroll of acquirement for 676 gold pieces
  2232 | D        | Acquired 1066 gold pieces
  2237 | D        | Bought the ring "Kafin" {Drain rElec rC++ Will+ Stlth+} for
                  | 590 gold pieces
  2237 | D        | Bought a ring of wizardry for 330 gold pieces
  2298 | D        | Learned a level 4 spell: Sticky Flame
  2302 | D        | Learned a level 3 spell: Call Canine Familiar
  2341 | D        | Noticed a shining eye
  2341 | D        | Noticed a shining eye
  2341 | D        | Noticed a shining eye
  2348 | D        | Paralysed by a floating eye for 4 turns
  2352 | D        | Received a gift from Sif Muna
  2548 | D        | Killed a shining eye
  2548 | D        | Noticed a shining eye
  2549 | D        | Noticed a shining eye
  2560 | D        | Killed a shining eye
  2561 | D        | Reached XP level 11. HP: 64/64 MP: 12/29
  2565 | D        | Killed a shining eye
  2566 | D        | Killed a shining eye
  2567 | D        | Reached skill level 5 in Summonings
  2572 | D        | Paralysed by a floating eye for 4 turns
  2573 | D        | Noticed a shining eye
  2577 | D        | Killed a shining eye
  2582 | D        | Gained mutation: You are clumsy. (Dex -2) [a shining eye]
  2588 | D        | Killed a shining eye
  2588 | D        | Received a gift from Sif Muna
  2597 | D        | Noticed a shining eye
  2597 | D        | Noticed a shining eye
  2748 | D        | Killed a shining eye
  2749 | D        | Reached skill level 15 in Spellcasting
  2761 | D        | Gained mutation: You are weak. (Str -2) [a shining eye]
  2776 | D        | Killed a shining eye
  2785 | D        | Found Jaqocs's Assorted Antiques.
  2785 | D        | Found Wibbamyz's General Store.
  2785 | D        | Found Ixteuxt's Antique Armour Emporium.
  2785 | D        | Found Nanoen's General Store.
  2912 | D        | Learned a level 3 spell: Mephitic Cloud
  2921 | D        | Learned a level 8 spell: Ignition
  2941 | D        | Received a gift from Sif Muna
  3254 | D        | Noticed a lindwurm
  3262 | D        | Killed a lindwurm
  3440 | D        | Received a gift from Sif Muna
  3441 | D        | Got Sif Muna's Compendium of Fire and the Glacier {god
                  | gift}
  3449 | D        | Learned a level 5 spell: Fireball
  3491 | D        | Reached ****** piety under Sif Muna
  3660 | D        | Reached skill level 1 in Polearms
  3791 | D        | Received a gift from Sif Muna
  3793 | D        | Got Sif Muna's Incunabulum of Companions {god gift}
  3884 | D        | Noticed a 12-headed hydra
  4008 | D        | Killed a 12-headed hydra
  4009 | D        | Reached XP level 12. HP: 72/72 MP: 12/32
  4137 | D        | Learned a level 4 spell: Olgreb's Toxic Radiance
  4242 | D        | Reached skill level 1 in Poison Magic
  4246 | D        | Noticed a deep elf annihilator
  4250 | D        | Reached skill level 1 in Air Magic
  4252 | D        | Received a gift from Sif Muna
  4253 | D        | Got Utticada's Grimoire of Warped Feathers {god gift}
  4403 | D        | Killed a deep elf annihilator
  4404 | D        | Reached skill level 5 in Polearms
  4683 | D        | Noticed a mummy priest
  4696 | D        | Killed a mummy priest
  4701 | D        | Got Notwemm's Reference Book on the Icy Arsonist
  4810 | D        | Noticed the 27-headed Lernaean hydra
  4830 | D        | Mangled by the 27-headed Lernaean hydra

Illustrated notes

Levels and vault maps discovered:
D:        dungeon_sprint_1 [red_sonja_temple_1, red_sonja_temple_small_1]

Skill      XL: |  1  2  3  4  5  6  7  8  9 10 11 12 |
---------------+-------------------------------------+-----
Stealth        | 3 4 5 6 7 |  7.4
Spellcasting   | 3 4 5 7 8 10 11 14 16 17 | 17.1
Fire Magic     | 5 7 9 10 11 13 14 15 17 | 17.6
Dodging        | 3 4 5 6 7 |  7.2
Conjurations   | 2 3 4 6 7 8 9 |  9.0
Hexes          | 1 2 3 |  3.1
Fighting       | 1 2 3 |  3.7
Invocations    | 3 7 9 |  9.1
Summonings     | 4 7 |  7.9
Polearms       | 3 5 |  5.3
Poison Magic   | 1 |  1.5
Air Magic      | 1 |  1.5
Evocations     | |  0.5

Action                   |  1- 3 |  4- 6 |  7- 9 | 10-12 || total
-------------------------+-------+-------+-------+-------++-------
Melee: Unarmed           |     5 |       |     4 |       ||     9
       Tentacles         |     1 |       |     2 |     4 ||     7
       Constrict         |     1 |       |     1 |     7 ||     9
       Short sword       |       |       |       |     4 ||     4
       Trident           |       |       |       |    21 ||    21
 Cast: Foxfire           |     9 |    13 |    17 |    26 ||    65
       Inner Flame       |       |     5 |     6 |     7 ||    18
       Flame Wave        |       |       |     3 |    10 ||    13
       Scorch            |       |       |     4 |    47 ||    51
       Summon Guardian G |       |       |     1 |    24 ||    25
       Conjure Flame     |       |       |     1 |     1 ||     2
       Call Canine Famil |       |       |       |    19 ||    19
       Fireball          |       |       |       |    14 ||    14
       Mephitic Cloud    |       |       |       |     3 ||     3
       Sticky Flame      |       |       |       |     1 ||     1
       Iskenderun's Myst |       |       |       |     1 ||     1
       Ignition          |       |       |       |     1 ||     1
Invok: Channel Magic     |       |       |       |     1 ||     1
       Divine Exegesis   |       |       |       |     1 ||     1
Evoke: Wand              |       |       |       |     1 ||     1
  Use: Potion            |     2 |     1 |       |     1 ||     4
       Scroll            |       |       |       |     5 ||     5
 Stab: Confused          |       |       |       |     1 ||     1
Armor: Skin              |       |       |     1 |     3 ||     4
Dodge: Dodged            |       |     4 |     3 |    32 ||    39

Table legend: (Time is in decaauts)
 A = Elapsed time spent in this place.
 B = Non-inter-level travel time spent in this place.
 C = Inter-level travel time spent in this place.
 D = Time resting spent in this place.
 E = Time spent auto-exploring this place.
 F = Levels seen in this place.
 G = Mean time per level.
                   A        B        C        D        E       F      G
               +--------+--------+--------+--------+--------+-----+--------+
         Total |   4840 |   4804 |     36 |   3202 |     93 |   1 | 4840.0 |
       Dungeon |   4840 |   4804 |     36 |   3202 |     93 |   1 | 4840.0 |
               +--------+--------+--------+--------+--------+-----+--------+

Top non-repeatable levels by time:
       D: 4840 daAuts
